Map: Automaton LE

Players

elgina

  • Race: Terran Terran
  • League: Platinum
  • Spawn Location: 3:00

Krycola - Winner!

  • Race: Zerg Zerg
  • League: Gold
  • Spawn Location: 9:00

VOD

Have the link to the VOD?

Description

He called me a hacker

Time

  • Played on: Jan. 5, 2019, 12:31 p.m.
  • Length: 20:19
Show
View Real Time Build Order
Export as new Build Order

elgina Terran 

Build Orders:  

Get SALT Encoding   

  12  0:01  SCV  
  13  0:13  SCV  
  14  0:19  Supply Depot  
  14  0:25  SCV  
  15  0:30  Refinery  
  15  0:42  Barracks  
  15  0:46  SCV  
  16  0:58  SCV  
  17  1:10  SCV  
  18  1:14  Supply Depot  
  18  1:23  SCV  
  19  1:29  Barracks Reactor  
  19  1:32  Refinery  
  19  1:37  Orbital Command  
  19  1:59  Factory  
  19  2:04  SCV  
  19  2:06  Marine x2  
  22  2:16  SCV  
  23  2:29  Command Center, SCV  
  24  2:31  Marine  
  24  2:35  Marine  
  26  2:42  Factory Reactor  
  26  2:47  Supply Depot  
  26  2:48  SCV  
  26  2:51  Marine  
  27  2:53  Marine  
  29  3:00  SCV  
  30  3:09  Marine  
  30  3:10  Marine  
  32  3:17  Starport  
  32  3:19  Hellion  
  34  3:23  Hellion  
  34  3:26  SCV  
  37  3:33  Supply Depot  
  37  3:39  Marine x2  
  39  3:49  Factory  
  39  3:52  Hellion  
  39  3:54  SCV  
  44  4:10  Hellion  
  44  4:11  Marine x2, SCV  
  44  4:13  SCV  
  48  4:22  Engineering Bay  
  48  4:24  SCV  
  48  4:31  Marine x2  
  51  4:32  SCV  
  51  4:33  Factory Tech Lab  
  51  4:37  Viking  
  54  4:48  SCV  
  54  4:51  Supply Depot  
  54  4:52  Marine x2  
  57  5:00  SCV, Missile Turret  
  57  5:01  SCV  
  59  5:10  Viking  
  61  5:17  Supply Depot  
  61  5:18  SCV  
  61  5:19  SCV  
  63  5:24  Siege Tank  
  63  5:25  Bunker  
  63  5:26  Marine  
  63  5:28  Marine  
  66  5:45  Marine  
  66  5:46  Marine  
  68  5:58  Cyclone  
  71  6:06  SCV  
  71  6:07  Liberator, SCV  
  70  6:16  Marine  
  70  6:17  Marine  
  72  6:18  SCV  
  72  6:20  SCV  
  72  6:23  Barracks  
  77  6:31  Command Center, SCV  
  78  6:33  Supply Depot  
  78  6:46  Armory  
  78  6:55  SCV, Widow Mine x2  
  78  6:56  Cyclone, Refinery, Supply Depot  
  78  6:57  Orbital Command, Refinery  
  72  7:11  Marine x2  
  73  7:16  Widow Mine  
  73  7:19  Marine  
  76  7:29  Marine x2  
  79  7:46  Barracks Tech Lab  
  79  7:47  Marine x2, Barracks  
  80  8:05  Marine x2  
  80  8:21  Marine  
  80  8:23  Marine x2  
  77  8:39  Marine  
  77  8:40  Marine  
  77  8:41  Marine  
  75  8:44  Siege Tank  
  62  8:57  Marauder  
  62  8:58  Marine x2  
  64  9:14  Barracks Tech Lab  
  64  9:16  Marine x2  
  66  9:17  Concussive Shells  
  66  9:19  Marauder  
  62  9:32  Marine  
  62  9:34  Marine x2, SCV  
  66  9:40  Marine, Orbital Command  
  64  9:46  SCV  
  64  9:50  Marine  
  64  9:52  Marine x2  
  68  9:53  Barracks  
  68  9:57  Marine  
  68  9:58  SCV  
  70  10:08  Marine, SCV  
  70  10:09  Marine  
  70  10:10  Marine, SCV  
  75  10:16  Marauder  
  75  10:18  Combat Shield  
  75  10:20  SCV, Terran Infantry Armor Level 1  
  75  10:21  Terran Vehicle Weapons Level 1  
  78  10:22  SCV, Supply Depot  
  78  10:24  Starport Tech Lab  
  78  10:26  Marine  
  78  10:27  Marine x2  
  82  10:34  Cyclone  
  85  10:37  Marauder  
  87  10:43  Marine  
  87  10:44  SCV  
  87  10:45  Marine x2  
  87  10:47  SCV  
  87  10:49  Planetary Fortress  
  92  10:51  Marine  
  93  10:59  Marauder  
  93  11:01  Marine  
  93  11:03  Marine x2  
  90  11:09  Marine  
  76  11:18  SCV x2  
  69  11:19  Marine  
  69  11:20  Marauder  
  69  11:21  Marine x2  
  70  11:26  Marine  
  70  11:30  SCV  
  68  11:36  SCV x2  
  68  11:38  Marauder  
  68  11:39  Marine x2  
  74  11:41  Marauder  
  74  11:43  Hellbat x2  
  74  11:44  Marine, Thor  
  74  11:45  SCV  
  74  11:46  Barracks  
  88  11:53  SCV  
  89  11:56  Marine, Medivac  
  89  11:57  Marine  
  89  11:59  Marauder  
  89  12:00  Starport  
  95  12:02  Marine, SCV, Marauder  
  99  12:14  Marine x2  
  101  12:19  Terran Vehicle And Ship Armor Level 1, Supply Depot  
  101  12:21  Terran Infantry Weapons Level 1  
  101  12:22  Supply Depot  
  101  12:25  Supply Depot  
  101  12:26  Stimpack  
  101  12:38  Factory  
  101  12:40  Marine x4, SCV  
  101  12:41  SCV, Marauder  
  101  12:43  Refinery  
  109  12:44  Supply Depot  
  109  12:45  Refinery  
  109  12:48  Starport Reactor  
  109  12:49  Command Center  
  109  12:50  Medivac  
  111  12:56  Marine, SCV  
  111  12:58  Marine x2, Marauder  
  111  13:01  Marine  
  111  13:03  Thor  
  111  13:05  Hellbat  
  120  13:07  Marine, Hellbat  
  120  13:11  Supply Depot  
  123  13:13  SCV  
  123  13:14  Marine  
  123  13:15  SCV x2  
  123  13:16  Marine x2  
  123  13:19  Marine x2  
  131  13:22  Medivac  
  131  13:26  Supply Depot  
  133  13:27  Factory Tech Lab  
  133  13:33  Marine x2  
  135  13:34  Supply Depot  
  135  13:36  Marine x2  
  135  13:38  Marauder x2  
  141  13:42  Supply Depot  
  141  13:48  SCV  
  142  13:51  Marine x2  
  142  13:54  Marine x2, Medivac  
  142  13:55  Supply Depot, Medivac  
  148  13:58  Marine, Thor  
  148  13:59  Supply Depot  
  148  14:01  Marauder  
  159  14:07  Bunker  
  159  14:08  Marine x2  
  161  14:11  Marine  
  164  14:17  Marauder  
  164  14:21  Viking  
  121  14:40  Marine x4  
  121  14:41  Marine x2  
  117  14:50  SCV  
  117  14:51  SCV x2  
  120  14:58  Marine x5  
  120  14:59  Marine  
  126  15:00  Supply Depot  
  126  15:01  Terran Vehicle Weapons Level 2  
  126  15:02  Terran Infantry Weapons Level 2  
  126  15:05  SCV  
  127  15:14  SCV x2  
  127  15:16  Marine x3  
  127  15:19  Marine x3  
  135  15:22  Medivac  
  135  15:23  Medivac  
  135  15:24  Medivac  
  141  15:30  Refinery  
  141  15:33  Marine  
  141  15:34  Marine  
  135  15:36  Refinery  
  135  15:38  Marauder  
  116  15:49  Marine x3  
  106  15:51  Marine x2  
  97  15:59  Marauder  
  97  16:01  Thor  
  97  16:03  Thor  
  103  16:05  SCV x2  
  103  16:07  Marine x3  
  103  16:08  Medivac  
  103  16:09  Marine x2  
  103  16:10  SCV  
  113  16:12  SCV  
  113  16:13  Supply Depot  
  114  16:18  Medivac  
  114  16:19  Liberator  
  114  16:20  Marauder  
  114  16:21  SCV x2  
  114  16:25  Marine x3  
  123  16:28  Marine x2  
  123  16:30  Missile Turret  
  125  16:33  SCV x2  
  125  16:37  SCV  
  131  16:42  Marauder  
  131  16:43  Marauder  
  135  16:47  Thor  
  135  16:49  SCV  
  135  16:50  SCV  
  143  16:54  Medivac  
  143  17:03  Marauder  
  143  17:05  Marauder  
  98  17:23  Marine x4  
  98  17:24  Marine  
  98  17:26  Marine  
  85  17:41  Marine x4  
  85  17:42  Marauder  
  91  17:44  Marine  
  92  17:57  Planetary Fortress  
  92  17:59  Marine x4  
  92  18:02  Marine  
  92  18:03  Marine  
  98  18:17  Marine x4  
  102  18:20  Marine  
  102  18:21  Marine  
  99  18:34  Marine x2  
  99  18:35  Marine x2  
  99  18:37  Marine  
  99  18:39  Marine  
  91  18:52  Marine x3  
  91  18:53  Marine  
  73  19:03  Widow Mine  
  43  19:29  Marine x3  
Show
View Real Time Build Order
Export as new Build Order

Krycola Zerg - Winner!

Build Orders: Hatch First 

Get SALT Encoding   

  12  0:02  Drone  
  13  0:10  Drone  
  14  0:17  Overlord  
  14  0:37  Drone x3  
  17  0:48  Drone  
  18  1:01  Drone, Hatchery  
  18  1:16  Spawning Pool  
  18  1:17  Drone  
  18  1:26  Drone  
  18  1:31  Overlord  
  19  1:41  Extractor  
  19  1:42  Drone  
  19  1:57  Drone  
  20  2:02  Queen  
  20  2:05  Drone  
  23  2:13  Queen  
  25  2:16  Drone x2  
  27  2:33  Overlord  
  27  2:35  Drone  
  28  2:38  Spine Crawler  
  28  2:42  Queen  
  29  2:44  Drone x2  
  31  2:53  Zergling x2  
  35  2:58  Drone x3  
  35  3:00  Lair  
  35  3:11  Roach Warren  
  34  3:14  Evolution Chamber  
  33  3:23  Evolution Chamber  
  32  3:28  Overlord x3  
  32  3:44  Drone x6  
  38  4:03  Drone x3  
  40  4:13  Overlord  
  40  4:14  Roach x4  
  48  4:24  Glial Reconstitution  
  48  4:26  Roach  
  48  4:27  Roach x2  
  54  4:38  Spore Crawler  
  54  4:39  Drone x4  
  57  4:46  Overlord  
  57  4:49  Spore Crawler  
  56  4:54  Drone  
  56  4:55  Extractor  
  56  4:56  Extractor  
  55  5:08  Roach x4  
  55  5:10  Drone x3  
  66  5:18  Hatchery  
  65  5:21  Roach  
  65  5:22  Roach  
  65  5:23  Drone  
  70  5:36  Overseer  
  70  5:39  Drone  
  70  5:40  Drone x3  
  72  5:44  Roach  
  72  5:45  Roach x3  
  76  6:02  Overlord x4  
  76  6:18  Overlord x4  
  76  6:24  Roach x2  
  80  6:27  Hatchery  
  79  6:48  Zerg Missile Weapons Level 1  
  79  6:49  Zerg Ground Armor Level 1  
  79  6:59  Roach x2  
  79  7:00  Roach  
  79  7:01  Roach  
  79  7:02  Roach x7  
  79  7:03  Roach  
  79  7:13  Roach x2  
  77  7:33  Roach x5  
  87  7:47  Roach x4  
  87  7:48  Roach  
  97  7:58  Roach x4  
  103  7:59  Roach  
  103  8:05  Roach x2, Hydralisk Den  
  108  8:25  Roach  
  108  8:26  Roach x6  
  108  8:40  Roach  
  108  8:41  Roach x4  
  92  9:00  Roach x6  
  104  9:08  Extractor  
  103  9:11  Hydralisk x2  
  81  9:39  Queen  
  81  9:44  Drone x12  
  95  9:57  Drone x3  
  98  10:10  Grooved Spines  
  98  10:18  Extractor  
  95  10:21  Extractor  
  94  10:40  Hydralisk x3, Roach  
  94  10:41  Hydralisk, Roach x3  
  94  10:42  Roach x2  
  114  10:43  Infestation Pit  
  114  10:48  Spire  
  114  10:49  Extractor  
  111  10:52  Hatchery  
  111  10:56  Extractor  
  101  11:07  Zerg Ground Armor Level 2  
  101  11:08  Zerg Missile Weapons Level 2  
  101  11:11  Roach x2  
  97  11:13  Overlord x5  
  97  11:14  Overlord  
  97  11:15  Drone  
  97  11:16  Drone x6  
  96  11:21  Muscular Augments  
  90  11:36  Hydralisk x4, Roach x2  
  96  11:52  Drone x2  
  98  12:03  Extractor  
  98  12:05  Hive  
  98  12:06  Extractor  
  98  12:08  Hatchery  
  95  12:13  Corruptor  
  95  12:14  Corruptor x2  
  101  12:20  Queen  
  103  12:25  Hydralisk, Roach x2  
  105  13:02  Drone x10  
  105  13:03  Drone x6  
  121  13:08  Hydralisk  
  121  13:09  Hydralisk x2, Roach x3  
  121  13:10  Roach x2  
  137  13:31  Overlord x4, Roach  
  139  13:34  Hydralisk  
  139  13:35  Hydralisk, Roach x2  
  147  13:55  Spine Crawler  
  146  13:56  Drone x2, Spine Crawler  
  146  13:57  Hydralisk x2, Roach  
  146  13:58  Hydralisk x3, Roach x3  
  165  14:06  Zerg Missile Weapons Level 3  
  165  14:16  Drone x6  
  171  14:21  Spine Crawler  
  171  14:23  Spine Crawler  
  159  14:31  Hydralisk x2  
  159  14:32  Hydralisk x2, Roach x2  
  159  14:33  Roach x3  
  159  14:34  Roach  
  143  14:41  Infestor  
  143  14:42  Infestor x3  
  137  14:49  Hydralisk, Roach x3  
  137  14:50  Roach  
  141  14:57  Hydralisk x2, Roach x2  
  145  15:01  Overseer  
  145  15:06  Overlord  
  145  15:09  Hydralisk x2, Roach x3  
  155  15:15  Hydralisk x2, Corruptor  
  155  15:18  Greater Spire  
  161  15:33  Hydralisk x3, Roach  
  161  15:34  Roach x2  
  158  15:47  Hydralisk x2  
  158  15:48  Corruptor, Roach  
  158  15:49  Corruptor  
  166  15:56  Burrow  
  162  15:57  Drone x5  
  162  15:58  Hatchery  
  166  16:17  Drone x9  
  166  16:18  Drone x6  
  181  16:23  Extractor  
  180  16:27  Roach  
  180  16:31  Hydralisk  
  180  16:32  Hydralisk x3  
  190  16:46  Corruptor x2  
  190  17:02  Hydralisk x3  
  190  17:03  Hydralisk x2, Corruptor  
  198  17:12  Hatchery  
  163  17:31  Drone x3  
  163  17:37  Extractor  
  155  17:40  Extractor, Hatchery  
  155  17:43  Brood Lord  
  155  17:44  Brood Lord x4  
  149  17:45  Roach  
  149  17:46  Hydralisk x3, Roach  
  149  17:47  Corruptor x2, Hydralisk x2, Roach x2  
  173  18:17  Hydralisk x3, Roach x3  
  173  18:18  Hydralisk x4, Roach x2  
  173  18:19  Roach  
  195  19:02  Hydralisk, Roach x2  
  198  19:03  Roach  
  200  19:13  Spawning Pool, Overlord, Hydralisk, Roach x2  
  187  19:27  Hydralisk x4, Roach x2  
  195  19:56  Roach x2  
  197  20:08  Spire  
  197  20:10  Infestation Pit  
Tags
 
Matchup
TvZ
Spawn Locations
Cross Positions
Add a new tag
Caveats
  • Supply blocks, unpowered buildings, or Contaminate may cause inaccurate times.
  • Supply counts are checked every 10 seconds.